 Dungeon Crawl Stone Soup version 0.27-a0-765-ge4d627daa3 (webtiles) character file.

Game seed: 10414751785329434253

5 dickylongcocking the Shield-Bearer (level 1, -1/20 HPs)
             Began as a Djinni Fighter on Mar 25, 2021.
             Slain by a quokka (3 damage)
             ... on level 1 of the Dungeon.
             The game lasted 00:00:05 (74 turns).

dickylongcocking the Shield-Bearer (Djinni Fighter)   Turns: 74, Time: 00:00:06

Health: -1/20      AC:  6    Str: 15    XL:     1   Next: 80%
Gold:   0          EV:  6    Int:  9    God:
                   SH:  8    Dex: 12

rFire    + + .     SeeInvis .   a - +0 long sword
rCold    x . .     Faith    .   c - +0 kite shield
rNeg     . . .     Spirit   .   b - +0 scale mail
rPois    ∞         Reflect  .   (no helmet)
rElec    .         Harm     .   (no cloak)
rCorr    .         Rampage  .   (no gloves)
Will     .....                  (boots unavailable)
Stlth    ..........             (no amulet)
HPRegen  0.06/turn              (no ring)
MPRegen  0.00/turn              (no ring)

@: flying
A: fire resistance 2, cold vulnerability 1, float, innate caster, hp casting,
extra vitality 1
a: no special abilities


You were on level 1 of the Dungeon.
You visited 1 branch of the dungeon, and saw 1 of its levels.

Inventory:

Hand Weapons
 a - a +0 long sword (weapon)
Armour
 b - a +0 scale mail (worn)
 c - a +0 kite shield (worn)
Potions
 d - a potion of might


   Skills:
 - Level 3.0 Fighting
 * Level 2.0 Long Blades
 - Level 3.0 Armour
 * Level 3.2 Shields


You couldn't memorise any spells.
You didn't know any spells.
Your spell library was empty.

Dungeon Overview and Level Annotations

Branches:
Dungeon (1/15)

Altars:


Innate Abilities, Weirdness & Mutations

You are immune to poison.
Your flesh is very heat resistant. (rF++)
You are vulnerable to cold. (rC-)
You float through the air rather than walking.
You learn spells naturally, not from books.
Your magical power is your life essence.
You have superior vitality. (+4 HP)


Message History

The quokka is moderately wounded.
The quokka bites you but does no damage.
You block the quokka's attack.
You are too injured to fight recklessly!
You miss the quokka.
The quokka is moderately wounded.
The quokka bites you but does no damage.
You block the quokka's attack.
You closely miss the quokka.
The quokka is moderately wounded.
The quokka completely misses you.
The quokka bites you but does no damage.
You are too injured to fight recklessly!
You miss the quokka.
The quokka is moderately wounded.
The quokka bites you. You block the quokka's attack.
You are too injured to fight recklessly!
Your shield and scale mail prevent you from hitting the quokka.
The quokka is moderately wounded.
You block the quokka's attack.
You are too injured to fight recklessly!
You barely miss the quokka.
The quokka is moderately wounded.
You block the quokka's attack. The quokka bites you.
* * * LOW HITPOINT WARNING * * *
Your shield and scale mail prevent you from hitting the quokka.
The quokka is moderately wounded.
You block the quokka's attack. x2
You are too injured to fight recklessly!
Your scale mail prevents you from hitting the quokka.
The quokka is moderately wounded.
You block the quokka's attack.
The quokka bites you but does no damage.
You are too injured to fight recklessly!
You hit the quokka but do no damage. You block the quokka's attack.
The quokka bites you but does no damage.
You closely miss the quokka. The quokka bites you.
* * * LOW HITPOINT WARNING * * *
The quokka bites you.
You die...

#####......#....#
........#..##.....
.##.....#..# ....
###..###.# ..#
##.# ##### .# #.#
...# # #.####.# #
#......###.####.
#.......@rg.....
#.##...###....#.
#.###..# ###.. ...
#..# .... #..#
.... ....
...........
...#### ....


You could see a quokka and a hobgoblin.

Vanquished Creatures
  4 jackals (D:1)
4 creatures vanquished.

Notes
Turn   | Place    | Note
-------+----------+-------------------------------------------
     0 | D:1      | dickylongcocking the Djinni Fighter began the quest for the
                  | Orb.
     0 | D:1      | Reached XP level 1. HP: 20/20 MP: 0/0
    74 | D:1      | Slain by a quokka

Illustrated notes

Levels and vault maps discovered:
D:1:      elethiomel_arrival_infinity_welcomes_careful_drivers,
          layout_loops_ring

Skill      XL: |  1 |
---------------+----+-----
Long Blades    | 2 |  2.0
Fighting       | |  3.0
Armour         | |  3.0
Shields        | |  3.2

Action                   || total
-------------------------++-------
Melee: Long sword        ||    25
Armor: Scale mail        ||    13
Dodge: Dodged            ||     8
Block: Kite shield       ||    18
       Rpst.: Long sword ||     2

Table legend: (Time is in decaauts)
 A = Elapsed time spent in this place.
 B = Non-inter-level travel time spent in this place.
 C = Inter-level travel time spent in this place.
 D = Time resting spent in this place.
 E = Time spent auto-exploring this place.
 F = Levels seen in this place.
 G = Mean time per level.
                   A        B        C        D        E       F      G
               +--------+--------+--------+--------+--------+-----+--------+
         Total |     86 |     86 |      0 |      0 |     47 |   1 |   86.0 |
       Dungeon |     86 |     86 |      0 |      0 |     47 |   1 |   86.0 |
               +--------+--------+--------+--------+--------+-----+--------+

Top non-repeatable levels by time:
     D:1: 86 daAuts
